 Dungeon Crawl Stone Soup version 0.32-a0-747-gc8563f6773 (webtiles) character file.

Game seed: 6077404058727800892

977 ezpacito the Chopper (level 8, -8/91 HPs)
             Began as a Coglin Chaos Knight on Mar 17, 2024.
             Was a Plaything of Xom.
             Mangled by a +0 dagger (16 damage)
             ... animated by Xom
             ... on level 5 of the Dungeon.
             The game lasted 00:06:35 (3809 turns).

ezpacito the Chopper (Coglin Chaos Knight)          Turns: 3809, Time: 00:06:36

Health: -8/91      AC: 24    Str: 14    XL:     8   Next: 17%
Magic:  11/11      EV:  2    Int: 10    God:    Xom [.....*]
Gold:   458        SH:  0    Dex: 18    Spells: 11/11 levels left

rFire   . . .        a - +1 hand axe (chaos) {Teghnoor}
rCold   . . .        t - +0 dagger (venom) {José}
rNeg    . . .        c - melded +3 ring mail {rC+}
rPois   +            u - melded +0 helmet
rElec   .            (cloak currently unavailable)
rCorr   .            k - melded +0 pair of gloves
SInv    .            f - melded +0 pair of boots
Will    .....        (no amulet)
Stlth   ++           (no ring)
HPRegen 0.35/turn    (no ring)
MPRegen 0.12/turn    (no gizmo)

%: no passive effects
@: tree-form, weak-willed, revving
A: stationary, stasis, torment immunity, boosted hp, off-hand wielding, slow
wielding, warmup strikes, (no jewellery), agile 1, wild magic 1, MP-powered
wands
a: Invent Gizmo, Renounce Religion


You were on level 5 of the Dungeon.
You worshipped Xom.
You were Xom's teddy bear.
You were a tree.
You visited 1 branch of the dungeon, and saw 5 of its levels.
You also visited: Ossuary.

You collected 458 gold pieces.

Inventory:

Hand Weapons
 a - a +1 hand axe of chaos (weapon) {Teghnoor}
 g - a +0 spear
 t - a +0 dagger of venom (offhand) {José}
Missiles
 o - 4 curare-tipped darts (quivered)
 r - 2 boomerangs
Armour
 c - a +3 ring mail of cold resistance (melded)
 f - a +0 pair of boots (melded)
 k - a +0 pair of gloves (melded)
 u - a +0 helmet (melded)
Wands
 i - a wand of mindburst (10)
Potions
 b - a potion of ambrosia {unknown}
 e - 2 potions of mutation
 h - 4 potions of haste
 j - a potion of brilliance {unknown}
 m - a potion of attraction {unknown}
 n - a potion of invisibility {unknown}
 q - 3 potions of curing
 s - 2 potions of lignification
 v - a potion of might {unknown}
 A - a potion of berserk rage {unknown}
 B - 2 potions of degeneration {unknown}
 C - 2 potions of enlightenment {unknown}


   Skills:
 * Level 4.7 Fighting
 * Level 4.8(5.1) Axes
 + Level 2.3(3.6) Polearms
 * Level 3.9 Armour
 * Level 3.4 Dodging
 + Level 2.2 Stealth
 + Level 2.0 Spellcasting
 + Level 1.4 Evocations


You had 11 spell levels left.
You didn't know any spells.
Your spell library contained the following spells:

 Spells                   Type           Power      Damage    Failure   Level
 Tukima's Dance           Hex            1%         N/A       75%         3
 Passage of Golubria      Tloc           1%         N/A       98%         4
 Yara's Violent Unravell  Hex/Alch       0%         3d3       100%        5


Dungeon Overview and Level Annotations

Branches:
Dungeon (5/15)            Ossuary (visited)
 Temple: D:4-7

Altars:
Dithmenos
Gozag
Xom
Yredelemnul


Innate Abilities, Weirdness & Mutations

You are a tree.
Your roots penetrate the ground, keeping you stationary.
You cannot be teleported.
You are immune to unholy pain and torment.
Your maximum health is greatly increased.
Your equipment is partially melded.
You can wield a second weapon in your off-hand.
It takes a long time for you to wield or remove held weapons.
Your first few attacks do less damage.
((You cannot equip rings or amulets.))
You are agile. (Dex +4, Str/Int -1)
Your spells are a little harder to cast, but a little more powerful.
You expend magic power (3 MP) to strengthen your wands.


Message History

As you read the scroll labelled JOSTRA RAH IGUI, it crumbles to dust.
You assume a fearsome visage.
It was a scroll of fear.
* * * LOW HITPOINT WARNING * * *
You feel very sick.
You take 3 damage, and have 12/61 hp.
It was a potion of curing.
You feel better.
Xom roars with laughter!
q - 3 potions of curing;
r - 2 boomerangs The +0 dagger hits you.
* * * LOW HITPOINT WARNING * * *
You regained 3 hp, and now have 15/61 hp.
As you read the scroll labelled GOWKANL WYTUOS, it dissolves into smoke.
It was a scroll of fog.
The +0 dagger hits you!
* * * LOW HITPOINT WARNING * * *
You take 9 damage, and have 6/61 hp.
As you read the scroll labelled JUEFOSAELUL, it crumbles to dust.
The creatures around you are filled with an inner flame!
It was a scroll of immolation.
The +0 dagger barely misses you. The +0 dagger hits you.
* * * LOW HITPOINT WARNING * * *
You take 1 damage, and have 5/61 hp.
Aiming: Mindburst
Press: ? - help, Shift-Dir - straight line, f - +0 dagger
Aim: a +0 dagger (grey smoke, infinite will)
Okay, then.
Okay, then.
You aren't carrying any scrolls.
It was a potion of lignification.
You turn into a tree.
Your +0 helmet melds into your body.
Your +0 pair of gloves melds into your body.
Your +0 pair of boots melds into your body.
Your +3 ring mail of cold resistance melds into your body.
You feel less resistant to cold.
Your roots penetrate the ground.
The +0 dagger hits you but does no damage.
You now have 7/91 hp.
You barely miss the +0 dagger with your +0 dagger of venom.
You miss the +0 dagger with your +1 hand axe of chaos.
The +0 dagger hits you but does no damage.
The +0 dagger hits you!
You die...

##.........#..#....
###..§......## ..
#))....... ##
#......... ##)
.......... ##.
#..##.........
....#..§§§###.....
#.....§({§# .....
#..:.§♣§§# ..##.
##...§§§§....#
#.............
#..#.##........
..!.. ##..##...
...# ... .. .##
#... . ....


You could see a +0 dagger.

Vanquished Creatures
  2 black bears
  A phantom (D:5)
  Dowan (D:5)
  2 bombardier beetles (D:4)
  2 orc priests
  A gnoll bouda (D:4)
  A hound (D:4)
  A sleepcap (D:5)
  An iguana (D:5)
  8 mummies (Ossuary)
  Robin (D:4)
  3 gnolls
  5 adders
  3 dart slugs
  4 ribbon worms
  3 orcs
  9 bats
  5 endoplasms
  5 giant cockroaches
  A gnoll zombie (Ossuary)
  13 goblins
  11 hobgoblins
  A jackal (D:3)
  7 kobolds
  5 quokkas
  6 ball pythons
  6 frilled lizards
  A hobgoblin zombie (Ossuary)
  6 kobold zombies (Ossuary)
  7 rats
122 creatures vanquished.

Vanquished Creatures (collateral kills)
  3 orc wizards
  A ribbon worm (D:4)
  A goblin (D:4)
  2 ball pythons (D:4)
7 creatures vanquished.

Vanquished Creatures (others)
  Duvessa (D:4)
  A hound zombie (D:4)
  2 gnolls (D:4)
4 creatures vanquished.

Grand Total: 133 creatures vanquished

Notes
Turn   | Place    | Note
-------+----------+-------------------------------------------
     0 | D:1      | ezpacito the Coglin Chaos Knight began the quest for the
                  | Orb.
     0 | D:1      | Reached XP level 1. HP: 18/18 MP: 1/1
    17 | D:1      | Reached skill level 1 in Dodging
   206 | D:1      | Found a faded altar of an unknown god.
   232 | D:1      | Reached XP level 2. HP: 24/24 MP: 2/2
   661 | D:2      | Reached XP level 3. HP: 29/29 MP: 3/3
  1021 | D:2      | XOM: divination: detect items
  1159 | D:2      | XOM: silly message
  1277 | D:3      | Reached XP level 4. HP: 35/35 MP: 4/4
  1320 | D:3      | XOM: cloud trail
  1503 | D:3      | Found an opulent altar of Gozag.
  1653 | D:3      | Reached skill level 1 in Polearms
  1830 | D:3      | Reached XP level 5. HP: 41/41 MP: 6/6
  1949 | D:4      | XOM: scenery: create altars
  1950 | D:4      | XOM: summons 3 friendly demons
  1955 | D:4      | Reached skill level 1 in Stealth
  1957 | D:4      | Reached skill level 1 in Spellcasting
  1999 | D:4      | XOM: scenery: 1 doors open, 1 doors close
  2055 | D:4      | Noticed Robin
  2061 | D:4      | XOM: give mutation
  2061 | D:4      | Gained mutation: You are agile. (Dex +4, Str/Int -1) [Xom's
                  | grace]
  2068 | D:4      | Reached XP level 6. HP: 35/48 MP: 7/7
  2075 | D:4      | Killed Robin
  2168 | D:4      | XOM: scenery: create altars
  2264 | D:4      | Found a sand-covered staircase.
  2264 | D:4      | XOM: scenery: 1 doors open, 1 doors close
  2295 | Ossuary  | Entered an ossuary
  2446 | Ossuary  | Reached XP level 7. HP: 12/54 MP: 9/9
  2498 | Ossuary  | XOM: give mutations
  2498 | Ossuary  | Gained mutation: Your spells are a little harder to cast,
                  | but a little more powerful. [Xom's grace]
  2498 | Ossuary  | Gained mutation: You expend magic power (3 MP) to
                  | strengthen your wands. [Xom's grace]
  2572 | Ossuary  | XOM: 3-stop teleportation journey
  2887 | D:4      | Found a shadowy altar of Dithmenos.
  3140 | D:5      | Entered Level 5 of the Dungeon
  3238 | D:5      | Noticed Dowan
  3239 | D:5      | Noticed Duvessa
  3245 | D:5      | Killed Dowan
  3276 | D:4      | XOM: divination: magic mapping
  3359 | D:4      | Killed Duvessa
  3359 | D:4      | XOM: divine lightning
  3452 | D:4      | Reached skill level 1 in Evocations
  3589 | D:5      | Reached XP level 8. HP: 50/61 MP: 10/10
  3759 | D:5      | Found a basalt altar of Yredelemnul.
  3799 | D:5      | XOM: smoke on damage
  3809 | D:5      | Mangled by a +0 dagger

Illustrated notes

Levels and vault maps discovered:
D:1:      roderic_crop_circles_arrival_small, layout_basic,
          basic_ecumenical_altar
D:2:      layout_loops_cross
D:3:      minmay_thinvault, layout_rooms, mainiacjoe_overflow_catwalk
D:4:      layout_basic, nicolae_dithmenos_the_darkroom, enter_ossuary_5,
          uniq_robin
D:5:      layout_cave_pools, lemuel_blue_sif_altar, grunt_ashenzari_visionary
          [grunt_ashenzari_visionary_shoals, grunt_ashenzari_visionary_snake],
          yredelemnul_altar_generic, minmay_fractal_squares_gapless_5,
          uniq_duvessa

Skill      XL: |  1  2  3  4  5  6  7  8 |
---------------+-------------------------+-----
Dodging        | 1 2 3 |  3.4
Armour         | 2 3 |  3.9
Polearms       | 1 2 |  2.3
Stealth        | 1 2 |  2.2
Spellcasting   | 1 2 |  2.0
Axes           | 4 |  4.8
Fighting       | 4 |  4.7
Evocations     | 1 |  1.4

Action                     |  1- 3 |  4- 6 |  7- 9 || total
---------------------------+-------+-------+-------++-------
  Melee: Hand axe          |   100 |   153 |    73 ||   326
         Dagger            |    92 |   150 |    69 ||   311
  Evoke: Wand              |       |       |     2 ||     2
    Use: Scroll            |       |     4 |     8 ||    12
         Potion            |       |     1 |     6 ||     7
   Stab: Confused          |     1 |     1 |       ||     2
         Sleeping          |       |     2 |       ||     2
         Paralysed         |       |     2 |       ||     2
 Armour: Leather armour    |    57 |    75 |       ||   132
         Chain mail        |       |    38 |    47 ||    85
         Ring mail         |       |       |    78 ||    78
         Skin              |       |       |     3 ||     3
  Dodge: Dodged            |    58 |    93 |    53 ||   204

Table legend: (Time is in decaauts)
 A = Elapsed time spent in this place.
 B = Non-inter-level travel time spent in this place.
 C = Inter-level travel time spent in this place.
 D = Time resting spent in this place.
 E = Time spent auto-exploring this place.
 F = Levels seen in this place.
 G = Mean time per level.
                   A        B        C        D        E       F      G
               +--------+--------+--------+--------+--------+-----+--------+
         Total |   3828 |   3616 |    212 |    470 |   2076 |   6 |  638.0 |
       Dungeon |   3409 |   3197 |    212 |    343 |   1897 |   5 |  681.8 |
       Ossuary |    419 |    419 |      0 |    127 |    179 |   1 |  419.0 |
               +--------+--------+--------+--------+--------+-----+--------+

Top non-repeatable levels by time:
     D:4: 1088 daAuts
     D:3: 767 daAuts
     D:2: 605 daAuts
     D:1: 579 daAuts
 Ossuary: 419 daAuts
     D:5: 368 daAuts
